 Dungeon Crawl Stone Soup version 0.32-a0-120-gfac0567ad4 (webtiles) character file.

Game seed: 4010107398922549216

195 pokeman the Magician (level 5, 0/29 HPs)
             Began as a Deep Elf Hedge Wizard on Feb 7, 2024.
             Slain by an adder (3 damage)
             ... on level 3 of the Dungeon.
             The game lasted 00:06:17 (3551 turns).

pokeman the Magician (Deep Elf Hedge Wizard)        Turns: 3551, Time: 00:06:18

Health: 0/29       AC:  3    Str:  7    XL:     5   Next: 45%
Magic:  0/15       EV: 10    Int: 21    God:
Gold:   148        SH:  0    Dex: 14    Spells: 8/16 levels left

rFire   + . .        a - +0 dagger
rCold   + . .        (no shield)
rNeg    . . .        b - +0 robe
rPois   .            g - +0 helmet
rElec   .            o - scarf {rC+ rF+}
rCorr   .            (no gloves)
SInv    .            (no boots)
Will    .....        (no amulet)
Stlth   ++           (no ring)
HPRegen 0.24/turn    (no ring)
MPRegen 0.14/turn

%: no passive effects
@: on blink cooldown, very slightly contaminated, constricted
A: no striking features
a: no special abilities


You were on level 3 of the Dungeon.
You visited 1 branch of the dungeon, and saw 4 of its levels.

You collected 148 gold pieces.

Inventory:

Hand Weapons
 a - a +0 dagger (weapon)
Armour
 b - a +0 robe (worn)
 g - a +0 helmet (worn)
 o - a scarf of resistance (worn)
Scrolls
 c - 2 scrolls of identify {unknown}
 e - 2 scrolls of blinking {unknown}
 f - 3 scrolls of enchant weapon {unknown}
 h - a scroll of poison {unknown}
 i - a scroll of noise {unknown}
 k - a scroll of enchant armour {unknown}
 m - 4 scrolls of immolation {unknown}
Potions
 d - a potion of magic
 j - a potion of curing {unknown}
 l - 2 potions of heal wounds {unknown}
 n - a potion of brilliance {unknown}


   Skills:
 - Level 1.0 Fighting
 - Level 1.0 Armour
 - Level 3.0 Dodging
 - Level 3.0 Stealth
 * Level 6.3 Spellcasting
 + Level 2.8 Conjurations
 - Level 1.1 Summonings
 - Level 1.1 Translocations
 + Level 0.5 Air Magic
 + Level 0.8 Alchemy


You had 8 spell levels left.
You knew the following spells:

 Your Spells              Type           Power      Damage    Failure   Level
a - Magic Dart            Conj           72%        1d6       3%          1
b - Mephitic Cloud        Conj/Alch/Air  12%        N/A       16%         3
c - Call Imp              Summ           22%        N/A       9%          2
d - Blink                 Tloc           22%        N/A       9%          2

Your spell library contained the following spells:

 Spells                   Type           Power      Damage    Failure   Level
 Slow                     Hex            24%        N/A       10%         1
 Cigotuvi's Dreadful Rot  Necr/Alch/Air  16%        N/A       12%         2
 Gell's Gravitas          Tloc           11%        N/A       19%         3
 Teleport Other           Tloc           11%        N/A       19%         3
 Dispersal                Tloc           5%         N/A       100%        6


Dungeon Overview and Level Annotations

Branches:
Dungeon (4/15)
 Temple: D:4-7

Altars:
Kikubaaqudgha
Uskayaw

Shops:
D:2 :


Message History

Your magical contamination has completely faded away.
You climb upwards.
You feel very sick.
There is a stone staircase leading down here.
Unknown command.
Unknown command.
Casting: Magic Dart (safe; 3% risk of failure)
Confirm with . or Enter, or press ? or * to list all spells.
You blink.
You feel sick. The adder barely misses you. The ball python misses you.
The ball python grabs you. The ball python constricts you.
Casting: Blink (safe; 9% risk of failure)
Confirm with . or Enter, or press ? or * to list all spells.
You don't know that spell.
Unknown command.
Unknown command.
You escape the ball python's grasp.
You feel sick.
Casting: Blink (safe; 9% risk of failure)
Confirm with . or Enter, or press ? or * to list all spells.
Aiming: Mephitic Cloud (quite dangerous; 16% risk of failure)
Press: ? - help, Shift-Dir - straight line, f - adder
Aim: an adder (chance to affect: 91%)
You miscast Mephitic Cloud.
You are very lightly contaminated with residual magic.
Nothing appears to happen.
You feel sick. The adder barely misses you. The adder closely misses you.
The adder misses you.
You aren't carrying any items that you can evoke.
Unknown command.
You miss the adder.
You feel sick.
The adder bites you but does no damage. x2
The ball python bites you.
* * * LOW HITPOINT WARNING * * *
The ball python grabs you. The ball python constricts you.
Unknown command.
You barely miss the adder.
You feel sick.
You are no longer poisoned.
The adder bites you but does no damage. The adder bites you.
* * * LOW HITPOINT WARNING * * *
The ball python closely misses you. The ball python constricts you.
The adder bites you.
You die...

.......##.#..#........>..........
#########.#..#..#######........).
#.#....#)...####.........
#.##.#...................
#.##..........รท..........
#.#..>......####.........
#.###...g...# #.........
######......SSS..# #.........
#..........##@...# #.........
#..........####### #.........
#..........# ##########
############


You could see 2 adders, a hobgoblin and a ball python.

Vanquished Creatures
  A hound (D:3)
  3 gnolls (D:2)
  6 adders
  A ribbon worm (D:3)
  4 dart slugs
  6 orcs
  3 bats
  11 endoplasms
  A giant cockroach (D:1)
  4 goblins
  9 hobgoblins
  2 kobolds (D:1)
  3 quokkas
  2 ball pythons (D:3)
  4 frilled lizards
  6 rats
66 creatures vanquished.

Notes
Turn   | Place    | Note
-------+----------+-------------------------------------------
     0 | D:1      | pokeman the Deep Elf Hedge Wizard began the quest for the
                  | Orb.
     0 | D:1      | Reached XP level 1. HP: 10/10 MP: 7/7
   179 | D:1      | Reached XP level 2. HP: 16/16 MP: 3/9
   689 | D:1      | Reached skill level 5 in Spellcasting
   909 | D:1      | Reached XP level 3. HP: 20/20 MP: 5/11
   913 | D:1      | Learned a level 3 spell: Mephitic Cloud
   916 | D:1      | Learned a level 2 spell: Call Imp
   919 | D:1      | Learned a level 2 spell: Blink
  1712 | D:2      | Reached skill level 1 in Fighting
  1712 | D:2      | Reached skill level 1 in Armour
  1964 | D:2      | Reached XP level 4. HP: 25/25 MP: 8/13
  2109 | D:2      | Found Nunae's Vocational Training.
  2239 | D:2      | Found an ancient bone altar of Kikubaaqudgha.
  2759 | D:3      | Found a hide-covered altar of Uskayaw.
  3072 | D:3      | Reached skill level 6 in Spellcasting
  3072 | D:3      | Reached XP level 5. HP: 29/29 MP: 1/15
  3551 | D:3      | Slain by an adder

Illustrated notes

Levels and vault maps discovered:
D:1:      minmay_arrival_wavy_path, layout_basic
D:2:      layout_basic, basic_altar, nicolae_shop_vocational
D:3:      layout_rooms, nicolae_overflow_hidden_temple
D:4:      layout_rooms, lightli_temple_of_fire, minmay_temple_entry_sparse_star

Skill      XL: |  1  2  3  4  5 |
---------------+----------------+-----
Spellcasting   | 5 6 |  6.3
Conjurations   | 2 |  2.8
Fighting       | 1 |  1.0
Armour         | 1 |  1.0
Stealth        | 3 |  3.0
Dodging        | 3 |  3.0
Summonings     | |  1.1
Translocations | |  1.1
Air Magic      | |  0.5
Alchemy        | |  0.8

Action                     |  1- 3 |  4- 6 || total
---------------------------+-------+-------++-------
  Melee: Dagger            |     7 |    33 ||    40
         Punch             |     1 |     3 ||     4
   Cast: Magic Dart        |    99 |    75 ||   174
         Mephitic Cloud    |     1 |     6 ||     7
         Call Imp          |       |     1 ||     1
         Blink             |       |     1 ||     1
   Stab: Confused          |     2 |     3 ||     5
         Sleeping          |       |     1 ||     1
 Armour: Robe              |     9 |    47 ||    56
  Dodge: Dodged            |    13 |    35 ||    48

Table legend: (Time is in decaauts)
 A = Elapsed time spent in this place.
 B = Non-inter-level travel time spent in this place.
 C = Inter-level travel time spent in this place.
 D = Time resting spent in this place.
 E = Time spent auto-exploring this place.
 F = Levels seen in this place.
 G = Mean time per level.
                   A        B        C        D        E       F      G
               +--------+--------+--------+--------+--------+-----+--------+
         Total |   3552 |   3479 |     73 |    133 |   2919 |   4 |  888.0 |
       Dungeon |   3552 |   3479 |     73 |    133 |   2919 |   4 |  888.0 |
               +--------+--------+--------+--------+--------+-----+--------+

Top non-repeatable levels by time:
     D:2: 1380 daAuts
     D:1: 1087 daAuts
     D:3: 1060 daAuts
     D:4: 24 daAuts
